 Seeded DCSS version 0.30-a0-930-gb9d0489357 (webtiles) character file.

Game seed: 17457649910997758288 (custom seed)

67053 mistaj the Severer (level 15, -5/90 HPs)
             Began as a Vine Stalker Fighter on Mar 24, 2023.
             Was the Champion of Cheibriados.
             Slain by an ettin simulacrum (23 damage)
             ... on level 15 of the Dungeon.
             The game lasted 00:22:44 (14631 turns).

mistaj the Severer (Vine Stalker Fighter)          Turns: 14631, Time: 00:22:44

Health: -5/90      AC: 32    Str: 40    XL:     15   Next: 21%
Magic:  0/16       EV: 17    Int: 23    God:    Cheibriados [******]
Gold:   2022       SH: 13    Dex: 32    Spells: 14/14 levels left

rFire   + + .      SeeInvis .    O - +3 war axe (flame)
rCold   . . .      Faith    .    c - +0 buckler
rNeg    . . .      Spirit   +    n - +9 plate armour "Puvvoabbiq" {Contam Regen+ rCorr Dex+5}
rPois   +          Reflect  +    o - +2 helmet
rElec   .          Rampage  .    g - +0 cloak
rCorr   +                        m - +2 pair of gloves
Will    +....                    Q - +2 pair of boots of Refuge {rF+}
Stlth   +                        B - amulet of reflection
HPRegen 1.95/turn                y - +5 ring of evasion
MPRegen 0.15/turn                i - ring of the Eagle {rPois rF+ Dex-3 Stlth+}

@: very slow
A: fangs 3, regeneration 1, magic shield, antimagic bite, no potion heal 2
a: Renounce Religion, Bend Time, Temporal Distortion, Slouch, Step From Time


You were on level 15 of the Dungeon.
You worshipped Cheibriados.
Cheibriados was exalted by your worship.
You visited 3 branches of the dungeon, and saw 21 of its levels.
You also visited: Sewer.

You collected 2022 gold pieces.

Inventory:

Hand Weapons
 F - a +4 broad axe of freezing
 O - a +3 war axe of flaming (weapon)
Missiles
 N - 7 throwing nets (quivered)
Armour
 c - a +0 buckler (worn)
 g - a +0 cloak (worn)
 m - a +2 pair of gloves (worn)
 n - the +9 plate armour "Puvvoabbiq" (worn) {Contam Regen+ rCorr Dex+5}
   (You found it on level 2 of the Dungeon)

   Dex:       It affects your dexterity (+5).
   Contam:    It causes magical contamination when unequipped.
   Regen:     It increases your rate of health regeneration.
   rCorr:     It protects you from acid and corrosion.
 o - a +2 helmet (worn)
 Q - the +2 pair of boots of Refuge (worn) {rF+}
   (You found it on level 13 of the Dungeon)

   rF:        It protects you from fire.
Jewellery
 i - the ring of the Eagle (right hand) {rPois rF+ Dex-3 Stlth+}
   (You acquired it on level 3 of the Lair of Beasts)

   [ring of protection from fire]

   Dex:       It affects your dexterity (-3).
   rF:        It protects you from fire.
   rPois:     It protects you from poison.
   Stlth:     It makes you more stealthy.
 y - a +5 ring of evasion (left hand)
 B - an amulet of reflection (around neck)
 J - a ring of positive energy
Wands
 q - a wand of quicksilver (14)
 u - a wand of flame (42)
 K - a wand of mindburst (7)
 L - a wand of iceblast (17)
 M - a wand of paralysis (11)
Scrolls
 a - 8 scrolls of identify
 b - a scroll of summoning
 e - 3 scrolls of blinking
 h - 2 scrolls of immolation
 j - a scroll of fear
 k - a scroll of magic mapping
 l - 6 scrolls of teleportation
 r - 2 scrolls of amnesia
 s - 5 scrolls of fog
 x - 2 scrolls of enchant armour
 H - 2 scrolls of poison
Potions
 d - 9 potions of might
 f - 12 potions of curing
 p - 2 potions of lignification
 t - 4 potions of flight
 v - a potion of mutation
 w - 5 potions of cancellation
 z - 2 potions of ambrosia
 C - a potion of magic
 D - 2 potions of berserk rage
 G - 2 potions of invisibility
 I - 4 potions of attraction
 P - a potion of brilliance {unknown}


   Skills:
 - Level 15.5 Fighting
 + Level 16.0 Axes
 + Level 5.1 Armour
 + Level 4.3 Dodging
 + Level 6.8 Stealth
 - Level 6.8 Shields


You had 14 spell levels left.
You didn't know any spells.
Your spell library contained the following spells:

 Spells                   Type           Power      Damage    Failure   Level
 Blink                    Tloc           0%         N/A       86%         2
 Lesser Beckoning         Tloc           0%         N/A       86%         2
 Momentum Strike          Conj/Tloc      0%         3d8       86%         2
 Call Canine Familiar     Summ           0%         N/A       97%         3
 Gell's Gravitas          Tloc           0%         N/A       97%         3
 Ozocubu's Armour         Ice            0%         N/A       97%         3
 Portal Projectile        Hex/Tloc       0%         N/A       97%         3
 Teleport Other           Tloc           0%         N/A       97%         3
 Tukima's Dance           Hex            0%         N/A       97%         3
 Leda's Liquefaction      Hex/Erth       0%         N/A       100%        4
 Passage of Golubria      Tloc           0%         N/A       100%        4
 Blade Hands              Tmut           0%         N/A       100%        5
 Irradiate                Conj/Tmut      0%         3d11      100%        5
 Silence                  Hex/Air        0%         N/A       100%        5
 Yara's Violent Unravell  Hex/Tmut       0%         3d3       100%        5
 Dragon Form              Tmut           0%         N/A       100%        7
 Ozocubu's Refrigeration  Ice            0%         4d7       100%        7
 Lehudib's Crystal Spear  Conj/Erth      0%         10d2      100%        8


Dungeon Overview and Level Annotations

Branches:
Dungeon (15/15)            Temple (1/1) D:7            Lair (5/5) D:9
 Shoals (0/4) Lair:2        Snake (0/4) Lair:3        Slime (0/5) Lair:4
    Orc (0/2) D:12         Vaults (0/5) D:14          Sewer (visited)
 Depths: D:15

Altars:
Ashenzari
Cheibriados
Dithmenos
Elyvilon
Fedhas
Gozag
Hepliaklqana
Kikubaaqudgha
Makhleb
Nemelex Xobeh
Okawaru
Qazlal
Ru
Sif Muna
Trog
Uskayaw
Vehumet
Wu Jian
Xom
Yredelemnul
Zin
The Shining One

Shops:
D:4 (   D:12 !   D:14 (

Portals:
Trove: D:10 (give +2 gold dragon scales)


Innate Abilities, Weirdness & Mutations

You have razor-sharp teeth.
Your natural rate of healing is unusually fast.
When hurt, damage is shared between your health and your magic reserves.
Your bite disrupts and absorbs the magic of your enemies.
Potions cannot restore your health.


Message History

You melt the boulder beetle simulacrum!
You hit the boulder beetle. You burn the boulder beetle.
Unknown command.
You hit the ettin. You burn the ettin. You bite the ettin! You drain its power.
You feel invigorated.
The ettin is almost dead.
You slash the boulder beetle! You burn the boulder beetle.
You hit the boulder beetle simulacrum.
You melt the boulder beetle simulacrum.
The boulder beetle bites you.
* * * LOW HITPOINT WARNING * * *
You block the ettin's attack. The ettin barely misses you.
You block the boulder beetle simulacrum's attack.
Unknown command.
You barely miss the ettin. You bite the ettin! You drain its power.
You feel invigorated.
The ettin is almost dead.
You slash the boulder beetle simulacrum!
You melt the boulder beetle simulacrum!
The boulder beetle simulacrum vaporises!
You hit the boulder beetle but do no damage.
The boulder beetle leaps!
The ettin hits you with a +0 dire flail!!
* * * LOW HITPOINT WARNING * * *
You block the ettin's attack.
You slash the ettin! You burn the ettin.
You kill the ettin!
Cheibriados thoroughly appreciates the change of pace.
A freezing mist starts to gather...
An ettin simulacrum comes into view.
The boulder beetle leaps!
Unknown command.
You slash the ettin simulacrum!
You melt the ettin simulacrum.
The ettin simulacrum is heavily damaged.
Unknown command.
You hit the ettin simulacrum but do no damage.
The ettin simulacrum is heavily damaged.
The ettin simulacrum hits you.
* * * LOW HITPOINT WARNING * * *
The ettin simulacrum freezes you!!
You die...

#. #. #. .#...!.
##########.#.....
...........#.....
.................
#................
#......@Z........
#........))......
###................
...................
.........B.........
............#######
............#
............#
............#


You could see a boulder beetle (soul bound) and an ettin simulacrum.

Vanquished Creatures
  A dire elephant (Lair:5)
  An ettin (D:15)
  Harold (D:9)
  3 catoblepae
  4 hydras
  2 boulder beetles
  An alligator (Lair:5)
  4 two-headed ogres
  3 centaur warriors
  A tengu warrior (D:15)
  Urug (D:13)
  11 death yaks
  Sonja (Lair:1)
  Lodul (D:13)
  2 skysharks (Lair:5)
  A deep troll (D:15)
  A lindwurm (Lair:5)
  An orc knight (D:14)
  An obsidian statue (D:10)
  Pikel (D:4)
  A necromancer (D:15)
  A wolf spider (Lair:5)
  6 ugly things
  An oklob plant (Lair:4)
  3 manticores
  4 cyclopes
  3 elephants (Lair:5)
  A torpor snail (Lair:5)
  5 cane toads (Lair:5)
  2 gargoyles
  3 rime drakes
  3 kobold demonologists
  A freezing wraith (D:15)
  An unseen horror (D:10)
  8 komodo dragons
  2 trolls (D:13)
  5 polar bears
  18 blink frogs
  3 hornets
  4 tyrant leeches (D:12)
  The ghost of fozzywoppz the Conjurer, an amateur DrCj (D:4)
  A raiju (shapeshifter) (D:13)
  6 dream sheep (Lair:4)
  2 vampires
  4 wraiths
  A spriggan (Lair:5)
  50 yaks
  A shadow (D:12)
  4 basilisks
  3 wyverns
  16 humans (D:14)
  8 vampire mosquitoes
  2 steam dragons
  An acid dragon (D:13)
  A naga (Lair:3)
  15 water moccasins
  4 black bears
  An ice beast (D:4)
  9 ogres
  7 orc warriors
  3 centaurs
  17 wolves
  3 lemures (D:4)
  14 kobold brigands
  A phantom (D:5)
  9 bullfrogs
  3 scorpions
  10 wights
  9 killer bees
  2 howler monkeys (D:9)
  3 electric eels
  4 hounds
  8 orc priests
  2 gnoll boudas
  2 sleepcaps
  3 iguanas
  9 orc wizards
  A hell rat (Lair:5)
  A bullfrog simulacrum (D:4)
  2 scorpion simulacra (D:4)
  Robin (D:2)
  3 river rats (Sewer)
  9 adders
  11 gnolls
  A hound simulacrum (D:4)
  3 white imps
  An ufetubus (D:7)
  A worm (D:2)
  5 dart slugs
  36 orcs
  5 bats
  5 endoplasms
  2 giant cockroaches
  12 goblins
  7 hobgoblins
  2 jackals (D:1)
  40 kobolds
  4 quokkas
  9 ball pythons
  4 frilled lizards
  7 rats
528 creatures vanquished.

Vanquished Creatures (others)
  A manticore (Lair:5)
  41 fungi
  59 plants
101 creatures vanquished.

Grand Total: 629 creatures vanquished

Notes
Turn   | Place    | Note
-------+----------+-------------------------------------------
     0 | D:1      | mistaj the Vine Stalker Fighter began the quest for the
                  | Orb.
     0 | D:1      | Reached XP level 1. HP: 11/11 MP: 2/2
    64 | D:1      | Reached skill level 2 in Axes
    67 | D:1      | Reached XP level 2. HP: 9/16 MP: 1/3
   431 | D:1      | Reached XP level 3. HP: 20/20 MP: 4/4
   911 | D:2      | Identified the +9 plate armour "Puvvoabbiq" {Contam Regen+
                  | rCorr Dex+5}
  1132 | D:2      | Noticed Robin
  1143 | D:2      | Killed Robin
  1144 | D:2      | Gained mutation: Your natural rate of healing is unusually
                  | fast. [Vine Stalker growth]
  1144 | D:2      | Reached XP level 4. HP: 24/24 MP: 5/5
  1472 | D:3      | Reached skill level 3 in Axes
  1472 | D:3      | Reached XP level 5. HP: 29/29 MP: 6/6
  1895 | D:3      | Found a sparkling altar of Nemelex Xobeh.
  1957 | D:4      | Noticed a centaur
  1964 | D:4      | Killed a centaur
  1965 | D:4      | Reached XP level 6. HP: 33/33 MP: 7/7
  1985 | D:4      | Found a glowing drain.
  1990 | Sewer    | Entered a sewer
  2279 | Sewer    | Reached skill level 4 in Axes
  2279 | Sewer    | Reached XP level 7. HP: 38/38 MP: 8/8
  2426 | D:4      | Found a runed translucent gate.
  2502 | D:4      | Reached skill level 5 in Fighting
  2516 | D:4      | Noticed fozzywoppz's ghost (amateur DrCj)
  2541 | D:4      | Found a runed translucent gate.
  2541 | D:4      | Found a runed translucent gate.
  2633 | D:4      | Noticed Pikel
  2661 | D:4      | Killed Pikel
  2662 | D:4      | Reached skill level 5 in Axes
  2662 | D:4      | Reached skill level 5 in Shields
  2662 | D:4      | Gained mutation: You have razor-sharp teeth. [Vine Stalker
                  | growth]
  2662 | D:4      | Reached XP level 8. HP: 34/44 MP: 7/9
  2671 | D:4      | Found Vaivialu's Weapon Shop.
  2712 | D:4      | Found a radiant altar of Vehumet.
  2755 | D:4      | Found a bloodstained altar of Trog.
  2921 | D:4      | Found a shimmering blue altar of Sif Muna.
  3209 | D:4      | Killed fozzywoppz's ghost
  3210 | D:4      | Reached skill level 6 in Axes
  3260 | D:5      | Entered Level 5 of the Dungeon
  3385 | D:5      | Reached XP level 9. HP: 49/49 MP: 10/10
  4522 | D:6      | Found a glowing silver altar of Zin.
  4906 | D:7      | Reached skill level 7 in Axes
  4917 | D:7      | Found a staircase to the Ecumenical Temple.
  4953 | Temple   | Entered the Ecumenical Temple
  4979 | Temple   | Became a worshipper of Cheibriados the Contemplative
  5315 | D:8      | Reached * piety under Cheibriados
  5362 | D:8      | Noticed a hornet
  5366 | D:8      | Paralysed by a hornet for 2 turns
  5372 | D:8      | Killed a hornet
  5379 | D:8      | Reached skill level 8 in Axes
  5379 | D:8      | Reached XP level 10. HP: 32/56 MP: 11/11
  5798 | D:9      | Noticed a two-headed ogre
  5808 | D:9      | Killed a two-headed ogre
  5853 | D:9      | Reached ** piety under Cheibriados
  5859 | D:9      | Reached skill level 9 in Axes
  5874 | D:9      | Noticed Harold
  5897 | D:9      | Killed Harold
  5935 | D:9      | Reached skill level 10 in Fighting
  5946 | D:9      | Reached XP level 11. HP: 46/63 MP: 8/12
  5956 | D:9      | Reached skill level 10 in Axes
  6314 | D:9      | Found an ancient bone altar of Kikubaaqudgha.
  6460 | D:9      | Found a staircase to the Lair.
  6782 | Lair:1   | Entered Level 1 of the Lair of Beasts
  6791 | Lair:1   | Reached *** piety under Cheibriados
  6978 | Lair:1   | Reached skill level 11 in Axes
  7105 | Lair:1   | Identified the +5 great mace of Uskayaw's Pride {antimagic,
                  | Fragile rN+ rCorr Dex+5}
  7186 | Lair:1   | Reached **** piety under Cheibriados
  7272 | Lair:1   | Reached XP level 12. HP: 71/71 MP: 13/13
  7518 | Lair:1   | Noticed Sonja
  7521 | Lair:1   | Killed Sonja
  7522 | Lair:1   | Reached skill level 12 in Axes
  7842 | Lair:2   | Found a staircase to the Shoals.
  8487 | Lair:3   | Found a staircase to the Snake Pit.
  8582 | Lair:3   | Reached ***** piety under Cheibriados
  9127 | Lair:3   | Identified a scroll of acquirement
  9127 | Lair:3   | Acquired the ring of the Eagle {rPois rF+ Dex-3 Stlth+}
  9202 | Lair:4   | Found a staircase to the Slime Pits.
  9693 | Lair:4   | Reached skill level 13 in Axes
  9778 | Lair:5   | Entered Level 5 of the Lair of Beasts
  9836 | Lair:5   | Noticed a death yak
  9838 | Lair:5   | Noticed a death yak
  9843 | Lair:5   | Noticed a death yak
  9845 | Lair:5   | Noticed a skyshark
  9847 | Lair:5   | Noticed a death yak
  9849 | Lair:5   | Reached XP level 13. HP: 69/77 MP: 14/14
  9989 | Lair:4   | Reached skill level 14 in Axes
 10027 | Lair:5   | Reached ****** piety under Cheibriados
 10547 | Lair:5   | Noticed a dire elephant
 10559 | Lair:5   | Killed a dire elephant
 10748 | Lair:5   | Reached skill level 15 in Fighting
 10762 | Lair:5   | Reached XP level 14. HP: 86/86 MP: 15/15
 10784 | Lair:5   | Reached skill level 15 in Axes
 11480 | D:10     | Entered Level 10 of the Dungeon
 11558 | D:10     | Found a portal to a secret trove of treasure.
 12346 | D:11     | Found a faded altar of an unknown god.
 12638 | D:12     | Reached skill level 1 in Stealth
 12719 | D:12     | Found Zihaidd's Distillery.
 12864 | D:12     | Reached skill level 1 in Dodging
 12978 | D:12     | Found a staircase to the Orcish Mines.
 13075 | D:12     | Found the +8 Vampire's Tooth {megavamp}
 13208 | D:13     | Noticed Lodul
 13229 | D:13     | Killed Lodul
 13267 | D:13     | Identified the +2 pair of boots of Refuge {rF+}
 13480 | D:13     | Found an ornate altar of the Wu Jian Council.
 13728 | D:13     | Noticed Urug
 13738 | D:13     | Killed Urug
 13882 | D:14     | Found a gate to the Vaults.
 13890 | D:14     | Reached skill level 5 in Stealth
 13899 | D:14     | Reached XP level 15. HP: 81/90 MP: 16/16
 14417 | D:14     | Found Seatz's Weapon Shop.
 14563 | D:14     | Found an iron altar of Okawaru.
 14590 | D:15     | Entered Level 15 of the Dungeon
 14608 | D:15     | Reached skill level 16 in Axes
 14617 | D:15     | Reached skill level 5 in Armour
 14631 | D:15     | Slain by an ettin simulacrum

Illustrated notes

Levels and vault maps discovered:
D:1:      moated_graveyard_arrival, layout_loops_ring, grunt_decor_resistance
D:2:      layout_rooms, columned_hall_lemuel, st_stairs_3,
          minmay_misc_feat_ornament, minmay_split_cup_small, uniq_robin
D:3:      cheibrodos_pilgrimage, layout_basic, marbit_many_paths
D:4:      layout_loops_ring, trog_ov_bears_minmay, fiery_altar_vehumet,
          kennysheep_orc_sif_temple, portal_sewer_entry_e, gammafunk_ghost_icy,
          nicolae_take_the_stairs, uniq_pikel
D:5:      layout_layer_cave
D:6:      layout_rooms, kennysheep_mini, st_stairs_6
D:7:      layout_rooms, minmay_temple_entry_mist, corexii_corridor_pit
D:8:      layout_rooms, hellmonk_bongcloud_opening
D:9:      layout_loops_ring, kiku_gazebo_garden_becter, hellmonk_lair_entry_icy,
          uniq_harold
D:10:     layout_basic, nicolae_trove_entry_free_sample, nrook_mini_vaults,
          kennysheep_cross_bottleneck, minivault_16
D:11:     layout_cave_pools, serial_column_ruins, column_ruins_square_medium,
          column_ruins_temple_hall, column_ruins_grid_3, column_ruins_open_tiny,
          column_ruins_open_medium, column_ruins_open_tiny, column_ruins_grid_4,
          column_ruins_corridor_dead_end
D:12:     layout_small_grid, david_orc_4, serial_shops, shop,
          minmay_guarded_unrand_vampires_tooth
D:13:     layout_cave_pools, kennysheep_cross_room,
          nicolae_wu_jian_immortal_techniques, uniq_lodul, uniq_urug
D:14:     layout_loops_ring, david_vaults_3, serial_shops, shop,
          hellmonk_okawaru_the_only_friend_you_need
D:15:     hangedman_depths_entry_civil_slaughter, layout_long_grid, special_room
          [special_room_orc], serial_shops, shop, ebering_dispersal_statue_hall
Temple:   lightli_temple_of_artemis
Lair:1:   layout_loops_ring, grunt_megastairs_3, serial_bayou_shore_a,
          uniq_sonja
Lair:2:   layout_loops_ring, elwin_shoals_entry_rocks,
          hangedman_lair_unloving_vines, serial_bayou_shore_b,
          grunt_megastairs_5
Lair:3:   layout_regular_city, guppyfry_snake_entry_island, beast_lair_carwin_9,
          grunt_megastairs_1
Lair:4:   layout_roguey, dpeg_slime_entry_corner
Lair:5:   hangedman_lair_in_review, layout_gridlike,
          grunt_forest_large_clearing_hut

Skill      XL: |  1  2  3  4  5  6  7  8  9 10 11 12 13 14 15 |
---------------+----------------------------------------------+-----
Axes           | 2 3 4 5 6 8 9 11 13 14 15 16 | 16.0
Fighting       | 3 4 5 6 8 10 11 13 15 | 15.5
Shields        | 3 4 5 6 |  6.8
Stealth        | 5 6 |  6.8
Dodging        | 3 4 |  4.3
Armour         | 4 5 |  5.1

Action                     |  1- 3 |  4- 6 |  7- 9 | 10-12 | 13-15 || total
---------------------------+-------+-------+-------+-------+-------++-------
  Melee: War axe           |    82 |   142 |   250 |   488 |   469 ||  1431
         Bite              |    13 |    25 |    77 |   172 |   207 ||   494
    Use: Scroll            |       |       |       |    23 |     7 ||    30
   Stab: Petrified         |       |       |       |       |     9 ||     9
         Petrifying        |       |       |       |       |     1 ||     1
 Armour: Scale mail        |    34 |       |       |       |       ||    34
         Plate armour      |    11 |   143 |   158 |   198 |   267 ||   777
  Dodge: Dodged            |    24 |    29 |    98 |   181 |   231 ||   563
  Block: Buckler           |    21 |    48 |   143 |   276 |   382 ||   870
         Reflection        |       |       |     5 |     3 |    29 ||    37

Table legend: (Time is in decaauts)
 A = Elapsed time spent in this place.
 B = Non-inter-level travel time spent in this place.
 C = Inter-level travel time spent in this place.
 D = Time resting spent in this place.
 E = Time spent auto-exploring this place.
 F = Levels seen in this place.
 G = Mean time per level.
                   A        B        C        D        E       F      G
               +--------+--------+--------+--------+--------+-----+--------+
         Total |  20706 |  19828 |    878 |   1320 |  14520 |  22 |  941.2 |
       Dungeon |  12866 |  12428 |    438 |    923 |   9035 |  15 |  857.7 |
        Temple |     36 |     28 |      8 |      0 |      0 |   1 |   36.0 |
          Lair |   7389 |   6958 |    431 |    382 |   5266 |   5 | 1477.8 |
         Sewer |    413 |    413 |      0 |     15 |    218 |   1 |  413.0 |
               +--------+--------+--------+--------+--------+-----+--------+

Top non-repeatable levels by time:
  Lair:5: 2104 daAuts
     D:9: 1538 daAuts
  Lair:3: 1400 daAuts
  Lair:1: 1396 daAuts
  Lair:4: 1305 daAuts
    D:14: 1240 daAuts
    D:10: 1205 daAuts
  Lair:2: 1184 daAuts
    D:12: 1123 daAuts
    D:13: 1097 daAuts
     D:4: 1017 daAuts
    D:11: 838 daAuts
     D:1: 819 daAuts
     D:5: 814 daAuts
     D:8: 796 daAuts
